 Dungeon Crawl Stone Soup version 0.30.1-3-gfc49f6343a (webtiles) character file.

Game seed: 16811480443844503554

1480 Babbit the Cleaver (level 8, -1/69 HPs)
             Began as a Minotaur Fighter on Aug 9, 2023.
             Slain by Dowan
             ... wielding a +4 dagger of draining
              (4 damage)
             ... on level 6 of the Dungeon.
             The game lasted 00:15:58 (4267 turns).

Babbit the Cleaver (Minotaur Fighter)               Turns: 4267, Time: 00:15:59

Health: -1/69      AC:  8    Str: 22    XL:     8   Next: 50%
Magic:  7/7        EV: 15    Int:  5    God:
Gold:   334        SH:  5    Dex: 11    Spells: 7/7 levels left

rFire   . . .        v - +1 hand axe (flame)
rCold   . . .        c - +0 buckler
rNeg    . . .        b - +0 scale mail
rPois   .            (helmet restricted)
rElec   .            (no cloak)
rCorr   .            (no gloves)
SInv    +            s - +0 pair of boots
Will    .....        (no amulet) Stlth
                     e - +5 ring of evasion
HPRegen 0.31/turn    m - ring of see invisible
MPRegen 0.10/turn

%: no passive effects
@: attractive
A: horns 2, retaliatory headbutt
a: no special abilities


You were on level 6 of the Dungeon.
You visited 1 branch of the dungeon, and saw 6 of its levels.

You collected 334 gold pieces.

Inventory:

Hand Weapons
 v - a +1 hand axe of flaming (weapon)
Missiles
 a - 8 boomerangs (quivered)
Armour
 b - a +0 scale mail (worn)
 c - a +0 buckler (worn)
 s - a +0 pair of boots (worn)
Jewellery
 e - a +5 ring of evasion (left hand)
 m - a ring of see invisible (right hand)
Wands
 q - a wand of charming (5)
 w - a wand of mindburst (20)
Scrolls
 h - 2 scrolls of identify
 j - a scroll of enchant weapon {unknown}
 k - a scroll of blinking {unknown}
 n - a scroll of vulnerability {unknown}
 o - a scroll of teleportation {unknown}
 r - a scroll of torment {unknown}
 t - a scroll of enchant armour {unknown}
 y - a scroll of noise {unknown}
 B - a scroll of fear {unknown}
 C - a scroll of magic mapping {unknown}
Potions
 d - a potion of might
 f - a potion of cancellation
 g - 7 potions of curing
 i - 3 potions of flight
 l - 2 potions of brilliance
 p - 2 potions of heal wounds {unknown}
 u - 2 potions of invisibility
 x - a potion of attraction
 z - a potion of haste {unknown}
 A - a potion of resistance {unknown}
 D - a potion of mutation {unknown}
 E - a potion of lignification {unknown}


   Skills:
 + Level 5.4 Fighting
 * Level 10.2 Axes
 + Level 6.0 Armour
 + Level 2.1 Dodging
 + Level 0.1 Stealth
 + Level 5.3 Shields


You had 7 spell levels left.
You didn't know any spells.
Your spell library contained the following spells:

 Spells                   Type           Power      Damage    Failure   Level
 Kiss of Death            Conj/Necr      0%         2d5       83%         1
 Magic Dart               Conj           0%         1d3       83%         1
 Summon Small Mammal      Summ           0%         N/A       83%         1
 Call Imp                 Summ           0%         N/A       93%         2
 Call Canine Familiar     Summ           0%         N/A       99%         3
 Confusing Touch          Hex            0%         N/A       99%         3
 Mephitic Cloud           Conj/Pois/Air  0%         N/A       99%         3
 Summon Guardian Golem    Hex/Summ       0%         N/A       99%         3
 Dispel Undead            Necr           0%         3d6       100%        4


Dungeon Overview and Level Annotations

Branches:
Dungeon (6/15)
 Temple: D:4-7

Altars:
Qazlal

Shops:
D:2 ?

Annotations:
D:6 Dowan, Maggie


Innate Abilities, Weirdness & Mutations

You have a pair of horns on your head.
You reflexively headbutt those who attack you in melee.


Message History

You closely miss Duvessa.
Dowan says, "Stay away from my face!"
Dowan hits you with a +4 dagger of draining.
You feel drained. Duvessa hits you with a +0 rapier.
You hit Duvessa but do no damage. Your headbutt misses Duvessa.
Duvessa is almost dead.
You hit Dowan. You burn Dowan. You slash Duvessa! You burn Duvessa.
You kill Duvessa!
Dowan's eyes darken. "You have made a black mistake."
Dowan seems to find hidden reserves of power!
You hit Dowan but do no damage. Dowan hits you but does no damage.
You feel drained. You block Dowan's attack.
Your life force feels restored.
Your magical effects are unravelling.
You feel magically purged.
You are no longer glowing.
Maggie hits you with a +3 long sword of flaming!
* * * LOW HITPOINT WARNING * * *
Maggie burns you.
* * * LOW HITPOINT WARNING * * *
Dowan barely misses you.
Okay, then.
Okay, then.
You hit Maggie but do no damage. Your headbutt misses Maggie.
You hit Dowan but do no damage. You block Dowan's attack.
Maggie hits you with a +3 long sword of flaming!
* * * LOW HITPOINT WARNING * * *
Maggie burns you.
* * * LOW HITPOINT WARNING * * *
You hit Maggie. You burn Maggie.
Maggie is lightly wounded.
You barely miss Dowan.
Dowan points at you and mumbles some strange words.
The shard of ice misses you. Maggie barely misses you.
It was a potion of attraction.
You feel attractive to monsters.
Dowan breathes, "And she was my only..."
Dowan hits you with a +4 dagger of draining.
You die...

#..........#)...##
#..........)....[.
#.......)..#....## ....
#..........#...... ....
#..........#...###
..... #..........#...#
...e. #..........#...#
...... #..........#...#
......##@.........#...#
....:..e@.......
####.......####.
#...†...# #.......#
#.......# #.......#
#.......# ........#


You could see Maggie and Dowan (fast).

Vanquished Creatures
  Sigmund (D:5)
  A wyvern (D:5)
  A vampire mosquito (D:5)
  Duvessa (D:6)
  An orc warrior (D:6)
  An ice beast (D:5)
  Blork the orc (D:4)
  2 scorpions
  2 orc priests
  4 jellies
  2 sleepcaps (D:6)
  3 orc wizards (D:6)
  4 gnolls
  11 adders
  A shadow imp (D:6)
  An ufetubus (D:5)
  A worm (D:3)
  2 dart slugs
  12 orcs
  12 endoplasms
  3 giant cockroaches
  7 goblins
  5 hobgoblins
  6 jackals
  10 kobolds
  3 quokkas
  10 ball pythons
  5 bats
  3 frilled lizards
  7 rats
123 creatures vanquished.

Notes
Turn   | Place    | Note
-------+----------+-------------------------------------------
     0 | D:1      | Babbit the Minotaur Fighter began the quest for the Orb.
     0 | D:1      | Reached XP level 1. HP: 19/19 MP: 0/0
   144 | D:1      | Reached XP level 2. HP: 24/27 MP: 1/1
   276 | D:1      | Reached skill level 3 in Axes
   703 | D:2      | Reached XP level 3. HP: 33/33 MP: 2/2
   895 | D:2      | Found Beevo's Magic Scroll Shoppe.
  1007 | D:2      | Noticed a scorpion
  1013 | D:2      | Killed a scorpion
  1014 | D:2      | Reached skill level 4 in Axes
  1014 | D:2      | Reached XP level 4. HP: 30/40 MP: 3/3
  1204 | D:2      | Found a faded altar of an unknown god.
  1693 | D:3      | Reached skill level 5 in Axes
  1693 | D:3      | Reached XP level 5. HP: 46/46 MP: 4/4
  2219 | D:4      | Noticed Blork the orc
  2228 | D:4      | Killed Blork the orc
  2229 | D:4      | Reached skill level 6 in Axes
  2260 | D:4      | Reached XP level 6. HP: 47/53 MP: 5/5
  3114 | D:5      | Entered Level 5 of the Dungeon
  3148 | D:5      | Noticed a wyvern
  3159 | D:5      | Killed a wyvern
  3160 | D:5      | Reached skill level 7 in Axes
  3160 | D:5      | Reached skill level 5 in Armour
  3290 | D:5      | Reached XP level 7. HP: 60/60 MP: 6/6
  3290 | D:5      | Noticed Sigmund
  3299 | D:5      | Killed Sigmund
  3300 | D:5      | Reached skill level 1 in Dodging
  3404 | D:5      | Reached skill level 8 in Axes
  3425 | D:5      | Found a stormy altar of Qazlal.
  3807 | D:5      | Noticed a vampire mosquito
  3843 | D:5      | Killed a vampire mosquito
  3844 | D:5      | Reached skill level 5 in Fighting
  3844 | D:5      | Reached skill level 9 in Axes
  3844 | D:5      | Reached XP level 8. HP: 64/68 MP: 7/7
  4084 | D:6      | Reached skill level 5 in Shields
  4246 | D:6      | Noticed Duvessa
  4247 | D:6      | Noticed Maggie
  4247 | D:6      | Noticed Dowan
  4250 | D:6      | Reached skill level 10 in Axes
  4263 | D:6      | Killed Duvessa
  4265 | D:6      | HP: 2/69 [Maggie/+3 long sword of flaming (4)]
  4267 | D:6      | Slain by Dowan

Illustrated notes

Levels and vault maps discovered:
D:1:      ebering_trefoil_twist, layout_basic
D:2:      layout_basic, serial_shops, nicolae_square_shop,
          hellmonk_ecumenical_altar_crossroads, minmay_hedge_maze
D:3:      minmay_door_path, layout_loops_cross
D:4:      layout_basic, minmay_cupped, uniq_blork_the_orc
D:5:      minmay_chambers_of_fours, layout_rooms,
          nicolae_overflow_crystal_walls, uniq_sigmund
D:6:      layout_basic, uniq_duvessa, uniq_maggie

Skill      XL: |  1  2  3  4  5  6  7  8 |
---------------+-------------------------+-----
Fighting       | 4 5 |  5.4
Shields        | 4 5 |  5.3
Armour         | 4 5 6 |  6.0
Axes           | 3 4 5 6 7 9 10 | 10.2
Dodging        | 1 2 |  2.1
Stealth        | |  0.1

Action                     |  1- 3 |  4- 6 |  7- 9 || total
---------------------------+-------+-------+-------++-------
  Melee: War axe           |    64 |    18 |       ||    82
         Headbutt          |     7 |    10 |    26 ||    43
         Hand axe          |       |   102 |   113 ||   215
  Throw: Boomerang         |       |       |     4 ||     4
    Use: Scroll            |     2 |     2 |     3 ||     7
         Potion            |       |       |     2 ||     2
 Armour: Scale mail        |    21 |    25 |    19 ||    65
  Dodge: Dodged            |    42 |    65 |    62 ||   169
  Block: Buckler           |    17 |    24 |    12 ||    53
